 Dungeon Crawl Stone Soup version 0.21-a0-352-g5b8f553 (webtiles) character file.

10612 tof the Cruncher (level 11, -5/95 (97) HPs)
             Began as a Minotaur Gladiator on Oct 11, 2017.
             Was a Believer of Wu Jian.
             Slain by a two-headed ogre
             ... wielding a +2 great mace of flaming
              (6 damage)
             ... in a volcano.
             The game lasted 00:28:30 (12604 turns).

tof the Cruncher (Minotaur Gladiator)              Turns: 12604, Time: 00:28:31

HP:   -5/95 (97)    AC: 18    Str: 25    XL:     11   Next: 38%
MP:   0/10          EV: 11    Int:  5    God:    Wu Jian [**....]
Gold: 412           SH:  0    Dex: 12    Spells: 10/10 levels left

rFire    . . .     SeeInvis .   L - -1 quarterstaff (drain)
rCold    . . .     Gourm    .   (shield currently unavailable)
rNeg     . . .     Faith    .   i - +0 plate armour
rPois    .         Spirit   +   c - +0 hat
rElec    .         Reflect  .   (no cloak)
rCorr    .         Harm     .   b - +0 pair of gloves
MR       .....                  C - +0 pair of boots
Stlth    ..........             v - amulet of guardian spirit
HPRegen  0.25/turn              w - +2 ring of slaying
MPRegen  0.12/turn              y - +3 ring of strength

@: no status effects
A: retaliatory headbutt, horns 2
a: Renounce Religion


You were in a volcano.
You worshipped Wu Jian.
Wu Jian was pleased with you.
You were not hungry.

You visited 3 branches of the dungeon, and saw 12 of its levels.
You also visited: Sewer and Volcano.

You collected 580 gold pieces.
You spent 168 gold pieces at shops.

Inventory:

Hand Weapons
 a - a +0 quarterstaff of freezing
 L - a -1 quarterstaff of draining (weapon)
Missiles
 d - 4 throwing nets (quivered)
Armour
 b - a +0 pair of gloves (worn)
 c - a +0 hat (worn)
 i - a +0 plate armour (worn)
 C - a +0 pair of boots (worn)
Magical Staves
 F - an uncursed staff of wizardry
Jewellery
 o - an uncursed ring of see invisible
 v - an amulet of guardian spirit (around neck)
 w - a +2 ring of slaying (left hand)
 y - a +3 ring of strength (right hand)
 J - an uncursed ring of flight
Wands
 D - a wand of flame (22/48)
 E - a wand of polymorph (18/24)
Scrolls
 e - 9 scrolls of teleportation
 j - a scroll of silence {unknown}
 l - a scroll of fear
 m - 2 scrolls of recharging
 p - 3 scrolls of fog
 q - 5 scrolls of magic mapping {unknown}
 r - 2 scrolls of remove curse
 s - 2 scrolls of enchant armour
 t - 3 scrolls of enchant weapon {unknown}
 B - 4 scrolls of amnesia {unknown}
Potions
 g - 2 potions of lignification {unknown}
 n - a potion of heal wounds
 u - 6 potions of curing
 x - 2 potions of agility
 A - 5 potions of might {unknown}
 H - 2 potions of invisibility {unknown}
 I - 2 potions of degeneration {unknown}
Comestibles
 f - 8 bread rations
 h - 5 fruits
 k - 3 royal jellies
 z - 9 meat rations


   Skills:
 + Level 9.1 Fighting
 * Level 12.7 Staves
 - Level 2.0 Throwing
 * Level 12.2 Armour
 + Level 8.8 Dodging


You had 10 spell levels left.
You didn't know any spells.

Dungeon Overview and Level Annotations

Branches:
Dungeon (10/15)            Temple (1/1) D:6            Lair (1/6) D:9
    Orc: D:9-12

Altars:
Ashenzari
Cheibriados
Dithmenos
Fedhas
Hepliaklqana
Kikubaaqudgha
Makhleb
Nemelex Xobeh
Qazlal
Ru
Sif Muna
Trog
Uskayaw
Wu Jian
The Shining One

Shops:
D:5 *   D:8 }   D:10 }

Annotations:
Volcano VirginKiller's ghost, journeyman DgSk


Innate Abilities, Weirdness & Mutations

You reflexively headbutt those who attack you in melee.
You have a pair of horns on your head.


Message History

The ogre mage blinks!
The two-headed ogre seems to regain its courage.
The two-headed ogre hits you with a great mace of flaming!
* * * LOW HITPOINT WARNING * * *
The two-headed ogre burns you.
* * * LOW HITPOINT WARNING * * *
The two-headed ogre hits you with a great mace of flaming.
* * * LOW HITPOINT WARNING * * *
The two-headed ogre burns you.
* * * LOW HITPOINT WARNING * * *
You spin and attack the two-headed ogre repeatedly.
You hit the two-headed ogre. You drain the two-headed ogre!
The two-headed ogre is lightly wounded.
You hit the two-headed ogre. You headbutt the two-headed ogre!
The two-headed ogre is heavily wounded.
You spin and attack the two-headed ogre.
You hit the two-headed ogre.
The two-headed ogre is heavily wounded.
The two-headed ogre hits you with a great mace of flaming.
You die...

#≈§≈§≈.....§≈≈≈≈
##§§§≈8...8§≈≈≈≈
###≈≈.....§≈§≈≈
#≈≈..O..≈≈≈##
##≈8...8§§≈#
##.....####
#.....# #8.WO8#
#..@..# #.....#
#8...8# #.....#
#.....# #8...8#
#.....# #.....#
#8.∩.8#


You could see 2 two-headed ogres and VirginKiller's ghost.

Vanquished Creatures
  2 two-headed ogres
  The ghost of Nico3ck the Caller, a novice GrWz of Okawaru (D:6)
  A black mamba (Lair:1)
  A komodo dragon (D:10)
  A troll (D:8)
  3 hippogriffs
  8 yaks (Lair:1)
  The ghost of Tux the Charmwright, an amateur GnSk (D:4)
  2 water moccasins
  2 hell hounds (D:9)
  2 porcupines (Lair:1)
  2 ice beasts
  A sky beast (D:8)
  A phantom (D:10)
  6 ogres
  2 orc warriors
  A necrophage (D:9)
  6 wolves (Lair:1)
  3 centaurs (D:10)
  2 crocodiles
  3 bullfrogs
  A big kobold (D:9)
  6 scorpions
  9 wights
  8 killer bees
  4 electric eels (D:6)
  3 crimson imps
  A centaur zombie (D:9)
  4 howler monkeys
  A bullfrog zombie (D:8)
  2 quasits
  5 hounds
  2 bullfrog skeletons
  10 orc wizards
  7 orc priests
  3 jellies
  6 centaur skeletons
  Terence (D:3)
  8 worker ants
  4 iguanas
  A killer bee zombie (D:10)
  A hound skeleton (D:5)
  A howler monkey zombie (D:3)
  Robin (D:3)
  2 worker ant zombies (D:3)
  10 adders
  2 shadow imps
  12 oozes
  3 adder skeletons
  4 worms
  5 dart slugs
  12 leopard geckos
  31 orcs
  9 ball pythons
  10 giant cockroaches (Sewer)
  18 goblins
  6 hobgoblins
  7 jackals
  2 quokkas
  7 bats
  16 frilled lizards
  A giant cockroach zombie (D:6)
  A jackal skeleton (D:3)
  10 kobolds
  A leopard gecko skeleton (D:3)
  A leopard gecko zombie (D:3)
  A quokka skeleton (D:6)
  5 rats
  A fungus (D:1)
317 creatures vanquished.

Vanquished Creatures (others)
  A plant (D:6)
1 creature vanquished.

Grand Total: 318 creatures vanquished

Notes
Turn   | Place    | Note
-------+----------+-------------------------------------------
     0 | D:1      | tof the Minotaur Gladiator began the quest for the Orb.
     0 | D:1      | Reached XP level 1. HP: 18/18 MP: 0/0
   315 | D:1      | Reached skill level 1 in Armour
   318 | D:1      | Reached XP level 2. HP: 25/25 MP: 1/1
   983 | D:2      | Reached XP level 3. HP: 21/30 MP: 2/2
  1579 | D:2      | Found a blossoming altar of Fedhas.
  1579 | D:2      | Found a sparkling altar of Nemelex Xobeh.
  1584 | D:2      | Found a hide-covered altar of Uskayaw.
  1586 | D:2      | Found a shattered altar of Ashenzari.
  1587 | D:2      | Found a sacrificial altar of Ru.
  1815 | D:3      | Reached XP level 4. HP: 38/38 MP: 3/3
  1880 | D:3      | Noticed Terence
  1888 | D:3      | Killed Terence
  1898 | D:3      | Reached skill level 5 in Staves
  1903 | D:3      | Reached XP level 5. HP: 42/45 MP: 4/4
  2379 | D:4      | Found a snail-covered altar of Cheibriados.
  2379 | D:4      | Noticed Robin
  2379 | D:4      | Noticed Tux's ghost (amateur GnSk)
  2382 | D:3      | Killed Robin
  2459 | D:4      | Reached XP level 6. HP: 45/52 MP: 5/5
  2637 | D:4      | Reached XP level 7. HP: 36/59 MP: 1/6
  2735 | D:4      | Reached skill level 5 in Armour
  2866 | D:4      | Killed Tux's ghost
  2914 | D:4      | Reached skill level 5 in Dodging
  2949 | D:4      | Found a glowing drain.
  2958 | Sewer    | Entered a sewer
  3439 | Sewer    | Reached skill level 5 in Fighting
  3439 | Sewer    | Reached XP level 8. HP: 57/68 MP: 5/7
  3747 | D:5      | Entered Level 5 of the Dungeon
  4105 | D:5      | Found Huipp's General Store.
  4121 | D:5      | Bought a scroll of teleportation for 36 gold pieces
  4121 | D:5      | Bought a potion of curing for 36 gold pieces
  4121 | D:5      | Bought a scroll of teleportation for 36 gold pieces
  4121 | D:5      | Bought a potion of curing for 36 gold pieces
  4121 | D:5      | Bought a scroll of identify for 24 gold pieces
  4363 | D:6      | Noticed Nico3ck's ghost (novice GrWz)
  4390 | D:6      | Killed Nico3ck's ghost
  4390 | D:6      | Reached XP level 9. HP: 48/75 MP: 6/8
  5140 | D:6      | Found a staircase to the Ecumenical Temple.
  5146 | Temple   | Entered the Ecumenical Temple
  5179 | Temple   | Became a worshipper of the Wu Jian Council
  5368 | D:6      | HP: 1/77 [electric eel/bolt of electricity (5)]
  7501 | D:8      | Noticed a two-headed ogre
  7908 | D:8      | Reached skill level 10 in Staves
  8013 | D:8      | Found Wioc Byl's Gadget Shop.
  8019 | D:8      | Noticed a troll
  8048 | D:8      | Killed a troll
  8702 | D:8      | Reached * piety under Wu Jian
  8710 | D:8      | Reached XP level 10. HP: 75/86 MP: 7/9
  8780 | D:8      | Reached skill level 10 in Armour
  9112 | D:9      | Noticed a two-headed ogre
  9125 | D:9      | Killed a two-headed ogre
  9361 | D:9      | Found a staircase to the Lair.
 10384 | D:9      | Found a glowing golden altar of the Shining One.
 10482 | D:10     | Entered Level 10 of the Dungeon
 10782 | D:10     | Reached ** piety under Wu Jian
 11127 | D:10     | Found a stormy altar of Qazlal.
 11595 | D:10     | Found Atairul's Gadget Shop.
 11995 | Lair:1   | Entered Level 1 of the Lair of Beasts
 12056 | Lair:1   | Noticed a black mamba
 12062 | Lair:1   | Killed a black mamba
 12062 | Lair:1   | Reached XP level 11. HP: 90/93 MP: 8/10
 12544 | Lair:1   | Found a dark tunnel.
 12553 | Volcano  | Entered a volcano
 12570 | Volcano  | Noticed an ogre mage
 12574 | Volcano  | Found a burning altar of Makhleb.
 12575 | Volcano  | Noticed a two-headed ogre
 12576 | Volcano  | Noticed VirginKiller's ghost (journeyman DgSk)
 12578 | Volcano  | Killed a two-headed ogre
 12579 | Volcano  | Noticed a two-headed ogre
 12581 | Volcano  | Noticed a two-headed ogre
 12582 | Volcano  | Noticed a two-headed ogre
 12582 | Volcano  | Noticed a two-headed ogre
 12582 | Volcano  | Noticed a red draconian
 12583 | Volcano  | Noticed a two-headed ogre
 12602 | Volcano  | HP: 3/95 [two-headed ogre/great mace of flaming (3)]
 12602 | Volcano  | HP: 1/95 [two-headed ogre/great mace of flaming (2)]
 12604 | Volcano  | Slain by a two-headed ogre

Vault maps used:
D:1:      dpeg_cavernosity
D:2:      chequers_temple_overflow_minitemple, first_bread
D:3:      serial_undead, serial_undead_f, serial_undead_a, serial_undead_e,
          serial_undead_a, uniq_terence
D:4:      cheibriados_altar_1, portal_sewer_entry_d, uniq_robin
D:5:      serial_shops, shop, eino_small_chamber_without_monster
D:6:      minmay_temple_entry_butterflies, serial_bayou, serial_bayou_lagoon_b,
          serial_bayou_pond_e, serial_bayou_ford_a, serial_bayou_lagoon_a
D:8:      serial_shops, shop
D:9:      kennysheep_little_box, minmay_lair_entry_lava, grunt_ogre_cave
D:10:     basic_altar, serial_shops, kennysheep_mini_moat
Temple:   regret_index_temple_waves
Lair:1:   enter_volcano_1
Sewer:    sewer_frog_island_02
Volcano:  kennysheep_volcano_temple

Skill      XL: |  1  2  3  4  5  6  7  8  9 10 11 |
---------------+----------------------------------+-----
Armour         | 1 2 3 4 6 8 9 11 12 | 12.2
Staves         | 4 5 6 7 8 10 12 | 12.7
Fighting       | 3 4 5 6 7 8 9 |  9.1
Dodging        | 4 5 6 7 8 |  8.8
Throwing       | |  2.0

Action                   |  1- 3 |  4- 6 |  7- 9 | 10-12 || total
-------------------------+-------+-------+-------+-------++-------
Melee: Quarterstaff      |    74 |   123 |   367 |   290 ||   854
       Headbutt          |    15 |    30 |    70 |    52 ||   167
  Use: Scroll            |       |     7 |     5 |     7 ||    19
 Stab: Fleeing           |       |       |       |     1 ||     1
  Eat: Chunk             |     3 |     3 |    15 |     7 ||    28
       Bread ration      |       |       |     1 |     2 ||     3
Armor: Scale mail        |    22 |    53 |   121 |    23 ||   219
       Plate armour      |       |       |       |    47 ||    47
Dodge: Dodged            |    51 |    74 |   226 |   132 ||   483

Table legend:
 A = Spawn XP
 B = Non-spawn XP
 C = Spawn XP percentage of total XP
 D = Spawn monster count
 E = Non-spawn monster count
 F = Spawn count percentage of total count
 G = Total turns spent on level
                    A         B        C        D         E        F      G
               +---------+---------+-------+---------+---------+-------+---------
         Total |       0 |   15161 |   0.0 |       0 |     316 |   0.0 | 12604
               +---------+---------+-------+---------+---------+-------+---------
           D:1 |       0 |      34 |   0.0 |       0 |      19 |   0.0 |   969
           D:2 |       0 |      31 |   0.0 |       0 |      10 |   0.0 |   728
           D:3 |       0 |     281 |   0.0 |       0 |      34 |   0.0 |   729
           D:4 |       0 |     928 |   0.0 |       0 |      35 |   0.0 |   946
           D:5 |       0 |     388 |   0.0 |       0 |      10 |   0.0 |   367
           D:6 |       0 |    1279 |   0.0 |       0 |      27 |   0.0 |  2167
           D:7 |       0 |     980 |   0.0 |       0 |      22 |   0.0 |  1532
           D:8 |       0 |    1563 |   0.0 |       0 |      28 |   0.0 |  1243
           D:9 |       0 |    2399 |   0.0 |       0 |      24 |   0.0 |  1247
          D:10 |       0 |    2456 |   0.0 |       0 |      29 |   0.0 |  1463
        Lair:1 |       0 |    3571 |   0.0 |       0 |      20 |   0.0 |   558
         Sewer |       0 |     363 |   0.0 |       0 |      57 |   0.0 |   545
       Volcano |       0 |     888 |   0.0 |       0 |       1 |   0.0 |    51
               +---------+---------+-------+---------+---------+-------+---------
